 Dungeon Crawl Stone Soup version 0.31.0-32-g396128a36d (webtiles) character file.

Game seed: 2158580320724701705

131487 Murmeli the Warrior (level 16, -2/157 HPs)
             Began as a Hill Orc Fighter on Apr 22, 2024.
             Was a High Priest of Okawaru.
             Slain by a hell knight
             ... wielding a +5 glaive
              (26 damage)
             ... on level 1 of the Depths on Apr 23, 2024.
             The game lasted 02:00:27 (20068 turns).

Murmeli the Warrior (Hill Orc Fighter)             Turns: 20068, Time: 02:00:27

Health: -2/157     AC: 40    Str: 36    XL:     16   Next: 85%
Magic:  20/21      EV:  7    Int:  8    God:    Okawaru [*****.]
Gold:   2021       SH:  6    Dex: 10    Spells: 15/15 levels left

rFire   . . .        p - +7 trident of Zoenosara {freeze, Str+3}
rCold   + . .        c - +0 buckler
rNeg    . . .        O - +1 crystal plate armour {rC+}
rPois   .            g - +2 helmet
rElec   .            V - +0 cloak
rCorr   .            e - +1 pair of gloves
SInv    .            t - +2 pair of boots
Will    +....        k - amulet of regeneration Stlth
                     m - +4 ring of protection
HPRegen 1.26/turn    P - +6 ring of strength
MPRegen 0.17/turn

%: no passive effects
@: hasted, very quick
A: no striking features
a: Renounce Religion, Heroism, Finesse, Duel


You were on level 1 of the Depths.
You worshipped Okawaru.
Okawaru was extremely pleased with you.
You visited 5 branches of the dungeon, and saw 24 of its levels.
You also visited: Ice Cave and Volcano.

You collected 2450 gold pieces.
You spent 429 gold pieces at shops.

Inventory:

Hand Weapons
 p - the +7 trident of Zoenosara (weapon) {freeze, Str+3}
   (You found it on level 4 of the Dungeon)

   Str+3:     It affects your strength (+3).
Missiles
 f - a dart of dispersal
 j - 8 atropa-tipped darts
 x - 4 javelins (quivered)
 C - 12 poisoned darts
 S - a silver javelin
 Z - 2 curare-tipped darts
Armour
 c - a +0 buckler (worn)
 e - a +1 pair of gloves (worn)
 g - a +2 helmet (worn)
 t - a +2 pair of boots (worn)
 O - a +1 crystal plate armour of cold resistance (worn)
 V - a +0 cloak (worn)
Jewellery
 k - an amulet of regeneration (around neck)
 m - a +4 ring of protection (left hand)
 n - a ring of ice
 s - the amulet "Nisir" {Faith -Tele Will+ Dex+3 SInv}
   (You bought it in a shop on level 13 of the Dungeon)

   [amulet of faith]

   Faith:     It allows you to gain divine favour quickly.
   Dex+3:     It affects your dexterity (+3).
   Will+:     It increases your willpower.
   SInv:      It lets you see invisible.
   -Tele:     It prevents most forms of teleportation.
 u - a +5 ring of evasion
 J - a +6 ring of dexterity
 M - a +5 ring of evasion
 P - a +6 ring of strength (right hand)
 U - a ring of flight
 W - the amulet "Egisynis" {Spirit +Inv rElec}
   (You found it on level 3 of the Lair of Beasts)

   [amulet of guardian spirit]

   Spirit:    It causes incoming damage to be divided between your reserves of
   health and magic.
   rElec:     It insulates you from electricity.
   +Inv:      It lets you turn invisible.
Wands
 b - a wand of polymorph (11)
 l - a wand of light (22)
 r - a wand of charming (8)
 v - a wand of flame (56)
 y - a wand of iceblast (6)
 A - a wand of digging (13)
 B - a wand of mindburst (13)
Scrolls
 h - a scroll of enchant weapon
 i - 11 scrolls of teleportation
 o - 7 scrolls of identify
 F - 3 scrolls of fog
 H - a scroll of fear
 I - 4 scrolls of silence
Potions
 a - a potion of lignification
 d - 3 potions of might
 q - 6 potions of curing
 w - 2 potions of resistance
 z - 4 potions of enlightenment
 D - a potion of brilliance
 K - 2 potions of ambrosia
 L - a potion of magic
Miscellaneous
 G - a phantom mirror
 T - a lightning rod (4/4)


   Skills:
 + Level 17.7 Fighting
 + Level 8.2(15.6) Axes
 + Level 17.6(18.0) Polearms
 + Level 7.8 Throwing
 + Level 14.8 Armour
 + Level 1.5 Dodging
 - Level 1.0 Stealth
 + Level 12.0 Shields
 + Level 7.2 Invocations
 + Level 0.5 Evocations


You had 15 spell levels left.
You didn't know any spells.
Your spell library contained the following spells:

 Spells                   Type           Power      Damage    Failure   Level
 Freeze                   Ice            0%         1d3       99%         1
 Magic Dart               Conj           0%         1d3       99%         1
 Necrotise                Necr           0%         1d4       99%         1
 Sandblast                Erth           0%         2d4       99%         1
 Shock                    Conj/Air       0%         1d3       99%         1
 Slow                     Hex            0%         N/A       99%         1
 Blink                    Tloc           0%         N/A       100%        2
 Cigotuvi's Dreadful Rot  Necr/Alch/Air  0%         N/A       100%        2
 Mercury Vapours          Alch/Air       0%         N/A       100%        2
 Searing Ray              Conj           0%         2d4       100%        2
 Static Discharge         Conj/Air       0%         3-3/arc   100%        2
 Dazzling Flash           Conj/Hex       0%         N/A       100%        3
 Gell's Gravitas          Tloc           0%         N/A       100%        3
 Inner Flame              Hex/Fire       0%         N/A       100%        3
 Mephitic Cloud           Conj/Alch/Air  0%         N/A       100%        3
 Ozocubu's Armour         Ice            0%         N/A       100%        3
 Passwall                 Erth           0%         N/A       100%        3
 Stone Arrow              Conj/Erth      0%         3d7       100%        3
 Teleport Other           Tloc           0%         N/A       100%        3
 Vampiric Draining        Necr           0%         2d6       100%        3
 Volatile Blastmotes      Fire/Tloc      0%         2d10      100%        3
 Airstrike                Air            0%         2d(0-16)  100%        4
 Brom's Barrelling Bould  Conj/Erth      0%         2d3       100%        4
 Flame Wave               Conj/Fire      0%         2d4       100%        4
 Fulminant Prism          Conj/Alch      0%         3d5       100%        4
 Ignite Poison            Fire/Alch      0%         N/A       100%        4
 Sticky Flame             Fire/Alch      0%         2d4       100%        4
 Vhi's Electric Charge    Tloc/Air       0%         N/A       100%        4
 Arcjolt                  Conj/Air       0%         1d10      100%        5
 Curse of Agony           Necr           0%         N/A       100%        5
 Fireball                 Conj/Fire      0%         3d3       100%        5
 Freezing Cloud           Conj/Ice/Air   0%         6-21      100%        5
 Irradiate                Conj/Alch      0%         3d11      100%        5
 Iskenderun's Battlesphe  Conj           0%         2d6       100%        5
 Metabolic Englaciation   Hex/Ice        0%         N/A       100%        5
 Conjure Ball Lightning   Conj/Air       0%         3x3d6     100%        6
 Dispersal                Tloc           0%         N/A       100%        6
 Starburst                Conj/Fire      0%         6d3       100%        6
 Orb of Destruction       Conj           0%         9d5       100%        7
 Ignition                 Fire           0%         3d3       100%        8
 Lehudib's Crystal Spear  Conj/Erth      0%         10d2      100%        8
 Maxwell's Capacitive Co  Air            0%         ∞         100%        8
 Call Imp                 Summ           Unusable   N/A       N/A         2
 Animate Armour           Summ/Erth      Unusable   N/A       N/A         4
 Martyr's Knell           Necr/Summ      Unusable   N/A       N/A         4
 Summon Lightning Spire   Summ/Air       Unusable   N/A       N/A         4
 Sculpt Simulacrum        Ice/Alch       Unusable   N/A       N/A         6

Dungeon Overview and Level Annotations

Branches:
Dungeon (15/15)            Temple (0/1) D:5            Lair (5/5) D:11
 Shoals (0/4) Lair:2        Snake (1/4) Lair:2        Slime (0/5) Lair:5
    Orc (2/2) D:12            Elf (0/3) Orc:2        Vaults (0/5) D:13
 Depths (1/4) D:15          IceCv (visited)         Volcano (visited)

Altars:
Ashenzari
Dithmenos
Fedhas
Gozag
Hepliaklqana
Kikubaaqudgha
Nemelex Xobeh
Okawaru
Ru
Sif Muna
Trog
Uskayaw
Wu Jian
Zin
The Shining One
Beogh
Lugonu

Shops:
D:13 *[   Orc:2 :?((*

Portals:
Abyss: Lair:5

Annotations:
D:9 3 runed translucent doors, Murmeli's ghost, novice DECj


Message History

The hell knight mumbles some strange prayers to its god against you.
The bolt of fire hits you.
* * * LOW HITPOINT WARNING * * *
A hell knight opens the door.
The hell knight mumbles some strange prayers to its god against you.
The bolt of fire hits you but does no damage.
You barely miss the hell knight.
The hell knight invokes the aid of its god against you.
The bolt of fire hits you!
* * * LOW HITPOINT WARNING * * *
You impale the hell knight!! You freeze the hell knight!
The hell knight is heavily wounded.
You feel like a meek peon again.
You feel yourself speed up.
Your hands slow down.
The hell knight's soul is no longer bound.
The hell knight hits you but does no damage. x2
You block the hell knight's attack.
You feel better.
The hell knight calls down the wrath of its god upon you.
The bolt of fire hits you!!
* * * LOW HITPOINT WARNING * * *
You block the hell knight's attack.
You feel better. The hell knight barely misses you.
The hell knight hits you but does no damage.
You puncture the hell knight! You freeze the hell knight.
The hell knight is almost dead.
The hell knight hits you but does no damage. x2
You closely miss the hell knight.
The hell knight is almost dead.
The hell knight invokes the aid of its god against you.
The bolt of fire hits you!!
* * * LOW HITPOINT WARNING * * *
You feel better.
The hell knight hits you but does no damage. x2
You puncture the hell knight! You freeze the hell knight.
You kill the hell knight!
Okawaru accepts your kill.
The hell knight hits you from afar with a +5 glaive!!
You die...

.......~....'########
<>.....~....#u.......
.......~....#.+####+.
D.....~~~...#.#..
.#......~.#.#p#.#
..........#.#.#.#
u~.....####.#p#.
u~~..... #.#.p####+.#
.~...... #u.p@....#
........ +########+
........ .....#.#
.....### ......
......


You could see a white very ugly thing, 2 hell knights and a necromancer.

Vanquished Creatures
  Roxanne (D:15)
  Donald (Orc:2)
  A very ugly thing (Depths:1)
  Azrael (Orc:2)
  An ettin (D:15)
  Fannar (Orc:1)
  A vault guard (D:13)
  7 hydras
  2 boulder beetles
  3 centaur warriors
  A dancing weapon (D:13)
  A death knight (D:15)
  3 death yaks (Lair:5)
  A naga warrior (Snake:1)
  3 two-headed ogres (D:11)
  A naga sharpshooter (Snake:1)
  4 thrashing horrors (Lair:5)
  4 orc high priests (Orc:2)
  Sonja (Lair:3)
  3 hell knights
  4 skeletal warriors (D:15)
  6 orc knights
  2 lindwurms
  2 phantasmal warriors (D:15)
  An arcanist (D:15)
  A swamp dragon (D:13)
  A necromancer (D:15)
  2 bog bodies (IceCv)
  A naga ritualist (Snake:1)
  A deep elf pyromancer (D:13)
  4 orc sorcerers (Orc:2)
  3 oklob plants (D:11)
  8 manticores
  9 cyclopes
  9 ugly things
  3 meliai (D:15)
  28 elephants
  An ice statue (IceCv)
  4 kobold blastminers
  A merfolk siren (Lair:2)
  9 black mambas
  12 slime creatures
  Joseph (D:8)
  A naga mage (Snake:1)
  A cane toad (shapeshifter) (Lair:5)
  2 smoke demons
  An unseen horror (D:12)
  3 gargoyles
  3 torpor snails
  3 efreet
  14 cane toads
  7 komodo dragons
  4 kobold demonologists
  3 tengu conjurers (D:15)
  An ice devil (IceCv)
  5 rime drakes
  A freezing wraith (D:15)
  Psyche (D:10)
  An anaconda simulacrum (IceCv)
  A troll (shapeshifter) (Lair:5)
  7 trolls
  The ghost of Grumple the Changeling, an amateur NaSh (D:3)
  4 polar bears
  3 red devils (Volcano)
  A hornet (shapeshifter) (D:13)
  Prince Ribbit (D:5)
  15 blink frogs
  2 hornets (D:9)
  2 raiju (Lair:5)
  2 shadows
  3 dream sheep
  2 water elementals (D:13)
  2 wraiths
  A dire elephant simulacrum (IceCv)
  A fire bat (Volcano)
  88 yaks
  2 wargs
  3 wyverns
  6 fire elementals (Orc:2)
  14 basilisks
  3 death yak simulacra (IceCv)
  3 steam dragons (D:6)
  3 chaos spawn (Lair:5)
  2 vampire mosquitoes (D:7)
  A harpy simulacrum (IceCv)
  6 nagas
  2 hydra simulacra (IceCv)
  2 acid dragons
  3 hell hounds
  17 water moccasins
  25 orc warriors
  5 sky beasts
  An ice beast (D:7)
  A black bear (Lair:3)
  29 wolves
  A boggart (D:15)
  4 ogres
  5 centaurs
  3 kobold brigands
  3 phantoms
  17 bullfrogs
  10 small abominations (Lair:5)
  A cane toad simulacrum (IceCv)
  3 scorpions
  4 two-headed ogre simulacra
  A hornet simulacrum (D:14)
  10 wights
  4 troll zombies (D:12)
  An elephant simulacrum (IceCv)
  10 killer bees
  An electric eel (Lair:1)
  2 howler monkeys
  6 lava snakes (Volcano)
  16 orc priests
  3 bombardier beetles
  A gnoll bouda (D:5)
  3 hounds
  5 jellies
  6 sleepcaps
  7 iguanas
  Natasha (thrice) (D:3)
  19 orc wizards
  9 hell rats
  Terence (D:2)
  A polar bear simulacrum (IceCv)
  6 spriggan simulacra (IceCv)
  4 troll simulacra (IceCv)
  A wolf simulacrum (IceCv)
  4 ogre zombies (D:12)
  3 gnolls (D:5)
  3 adders
  9 naga simulacra
  12 white imps
  12 ufetubi
  2 ribbon worms
  3 dart slugs
  55 orcs
  7 ball pythons
  12 endoplasms
  3 giant cockroaches
  2 gnoll zombies (D:12)
  11 goblins
  6 hobgoblins
  4 quokkas
  4 bats
  2 frilled lizards
  2 gnoll skeletons (D:12)
  30 kobolds
  4 orc skeletons (D:12)
  17 orc zombies (D:12)
  6 rats
853 creatures vanquished.

Vanquished Creatures (others)
  An orc priest (Orc:2)
  A hobgoblin (D:2)
2 creatures vanquished.

Grand Total: 855 creatures vanquished

Notes
Turn   | Place    | Note
-------+----------+-------------------------------------------
     0 | D:1      | Murmeli the Hill Orc Fighter began the quest for the Orb.
     0 | D:1      | Reached XP level 1. HP: 19/19 MP: 1/1
    10 | D:1      | Found a faded altar of an unknown god.
    54 | D:1      | Reached XP level 2. HP: 26/27 MP: 2/2
   325 | D:1      | Reached XP level 3. HP: 33/33 MP: 3/3
   485 | D:2      | Found a hide-covered altar of Uskayaw.
   843 | D:2      | Noticed Terence
   865 | D:2      | Killed Terence
   866 | D:2      | Reached XP level 4. HP: 26/40 MP: 4/4
  1314 | D:3      | Noticed Natasha
  1338 | D:3      | Killed Natasha
  1525 | D:3      | Reached XP level 5. HP: 47/47 MP: 5/5
  1578 | D:3      | Found a runed translucent gate.
  1579 | D:3      | Found a runed translucent gate.
  1580 | D:3      | Found a runed translucent gate.
  1581 | D:3      | Found an opulent altar of Gozag.
  1582 | D:3      | Noticed Grumple's ghost (amateur NaSh)
  1667 | D:3      | Noticed Natasha
  1673 | D:3      | Killed Natasha
  1674 | D:3      | Reached skill level 5 in Axes
  2295 | D:3      | Killed Grumple's ghost
  2296 | D:3      | Reached skill level 5 in Fighting
  2296 | D:3      | Reached XP level 6. HP: 51/56 MP: 6/6
  2300 | D:3      | Reached XP level 7. HP: 57/61 MP: 7/7
  2343 | D:3      | Noticed Natasha
  2353 | D:3      | Killed Natasha
  2454 | D:4      | Found a broken altar of Ashenzari.
  2593 | D:4      | Reached skill level 5 in Armour
  2975 | D:4      | Identified the +7 trident of Zoenosara {freeze, Str+3}
  3189 | D:4      | Found an opulent altar of Gozag.
  3279 | D:4      | Found a shimmering blue altar of Sif Muna.
  3299 | D:5      | Entered Level 5 of the Dungeon
  3319 | D:5      | Reached skill level 1 in Polearms
  3327 | D:5      | Reached XP level 8. HP: 69/69 MP: 8/8
  3585 | D:5      | Noticed Prince Ribbit
  3594 | D:5      | Killed Prince Ribbit
  3666 | D:5      | Found a hide-covered altar of Uskayaw.
  3667 | D:5      | Found an ancient bone altar of Kikubaaqudgha.
  3667 | D:5      | Found a bloodstained altar of Trog.
  3670 | D:5      | Found a shadowy altar of Dithmenos.
  3670 | D:5      | Found a glowing golden altar of the Shining One.
  3672 | D:5      | Found a sacrificial altar of Ru.
  3672 | D:5      | Found an iron altar of Okawaru.
  3686 | D:5      | Became a worshipper of Warmaster Okawaru
  3798 | D:5      | Found a staircase to the Ecumenical Temple.
  4107 | D:6      | Reached skill level 5 in Polearms
  4208 | D:6      | Reached XP level 9. HP: 69/75 MP: 9/9
  4468 | D:6      | Got Hidden Knowledge, Part One
  4472 | D:6      | Found a glowing silver altar of Zin.
  4578 | D:6      | Reached * piety under Okawaru
  4579 | D:6      | Reached skill level 1 in Dodging
  4590 | D:6      | Reached skill level 1 in Throwing
  5104 | D:7      | Noticed a cyclops
  5181 | D:7      | Reached skill level 5 in Shields
  5235 | D:7      | Found a transporter.
  5256 | D:7      | Noticed a komodo dragon
  5257 | D:7      | Found a transporter.
  5452 | D:7      | Reached ** piety under Okawaru
  5554 | D:7      | Found a hazy altar of Hepliaklqana.
  5609 | D:7      | Noticed a cyclops
  5613 | D:7      | Killed a cyclops
  5614 | D:7      | Reached XP level 10. HP: 73/84 MP: 7/10
  5637 | D:7      | Killed a cyclops
  5739 | D:7      | Reached skill level 1 in Invocations
  5770 | D:7      | Reached *** piety under Okawaru
  5806 | D:7      | Reached skill level 1 in Stealth
  6003 | D:8      | Reached skill level 10 in Polearms
  6077 | D:8      | Reached **** piety under Okawaru
  6129 | D:8      | Noticed Joseph
  6149 | D:8      | Killed Joseph
  6150 | D:8      | Reached XP level 11. HP: 80/94 MP: 12/12
  6336 | D:8      | Found an ornate altar of the Wu Jian Council.
  6359 | D:8      | Found a blossoming altar of Fedhas.
  6464 | D:9      | Found a large runed translucent door.
  6465 | D:9      | Found a large runed translucent door.
  6478 | D:9      | Noticed a centaur warrior
  6506 | D:9      | Noticed a boulder beetle
  6531 | D:9      | Killed a boulder beetle
  6594 | D:9      | Killed a centaur warrior
  6595 | D:9      | Found a large runed translucent door.
  6595 | D:9      | Found a large runed translucent door.
  6819 | D:9      | Found a sparkling altar of Nemelex Xobeh.
  6974 | D:9      | Found a runed translucent gate.
  6974 | D:9      | Found a runed translucent gate.
  6974 | D:9      | Found a runed translucent gate.
  6975 | D:9      | Noticed a nine-headed hydra
  6975 | D:9      | Noticed Murmeli's ghost (novice DECj)
  6975 | D:9      | Noticed an 11-headed hydra
  7005 | D:10     | Entered Level 10 of the Dungeon
  7237 | D:10     | Noticed Psyche
  7248 | D:10     | Killed Psyche
  7316 | D:10     | Reached ***** piety under Okawaru
  7476 | D:10     | Reached XP level 12. HP: 101/106 MP: 11/14
  7770 | D:11     | Reached skill level 10 in Fighting
  7777 | D:11     | Reached skill level 10 in Armour
  7892 | D:11     | Noticed a two-headed ogre
  7898 | D:11     | Killed a two-headed ogre
  7971 | D:11     | Noticed a two-headed ogre
  7989 | D:11     | Killed a two-headed ogre
  8096 | D:11     | Received a gift from Okawaru
  8132 | D:11     | Noticed a two-headed ogre
  8139 | D:11     | Killed a two-headed ogre
  8142 | D:11     | Found a frozen archway.
  8157 | IceCv    | Entered an ice cave
  8905 | D:11     | Found a staircase to the Lair.
  9074 | D:11     | Reached XP level 13. HP: 90/116 MP: 13/15
  9122 | Lair:1   | Entered Level 1 of the Lair of Beasts
  9468 | Lair:1   | Found a dark tunnel.
  9476 | Volcano  | Entered a volcano
  9597 | Volcano  | Found a radiant altar of Vehumet.
  9626 | Volcano  | HP: 3/119 [barbs]
  9856 | Volcano  | Received a gift from Okawaru
  9920 | Volcano  | Reached skill level 15 in Polearms
 10574 | Lair:2   | Found a staircase to the Snake Pit.
 10782 | Lair:2   | Received a gift from Okawaru
 11037 | Lair:2   | Found a staircase to the Shoals.
 11231 | Lair:2   | Reached skill level 5 in Throwing
 11570 | Lair:3   | Noticed Sonja
 11578 | Lair:3   | Killed Sonja
 11641 | Lair:3   | Reached XP level 14. HP: 129/129 MP: 17/17
 11691 | Lair:3   | Reached skill level 5 in Invocations
 11726 | Lair:3   | Received a gift from Okawaru
 12043 | Lair:3   | Found a runed translucent door.
 12069 | Lair:3   | Identified the amulet "Egisynis" {Spirit +Inv rElec}
 12524 | Lair:4   | Received a gift from Okawaru
 12687 | Lair:4   | Identified the +4 leather armour of Wuurokool {rElec
                  | Stlth+}
 13119 | Lair:4   | Received a gift from Okawaru
 13350 | Lair:5   | Entered Level 5 of the Lair of Beasts
 13392 | Lair:5   | Reached skill level 10 in Shields
 13481 | Lair:5   | Reached skill level 15 in Fighting
 13505 | Lair:5   | Reached XP level 15. HP: 115/141 MP: 14/19
 13517 | Lair:5   | Found a corrupted altar of Lugonu.
 13517 | Lair:5   | Found a one-way gate to the infinite horrors of the Abyss.
 13545 | Lair:5   | Got an earthy gem with 280 turns to spare
 13866 | Lair:5   | Received a gift from Okawaru
 13918 | Lair:5   | Found a staircase to the Slime Pits.
 14712 | Snake:1  | Entered Level 1 of the Snake Pit
 15225 | D:12     | Found a staircase to the Orcish Mines.
 15794 | D:12     | Found a gate leading to a gauntlet.
 16071 | Orc:1    | Entered Level 1 of the Orcish Mines
 16072 | Orc:1    | Noticed Fannar
 16083 | Orc:1    | Killed Fannar
 16097 | Orc:1    | Found a roughly hewn altar of Beogh.
 16362 | Orc:2    | Entered Level 2 of the Orcish Mines
 16407 | Orc:2    | Found Biolyst's CLEARANCE SALE!.
 16435 | Orc:2    | Found a staircase to the Elven Halls.
 16499 | Orc:2    | Noticed Azrael
 16548 | Orc:2    | Killed Azrael
 16647 | Orc:2    | Noticed Donald
 16660 | Orc:2    | Killed Donald
 16661 | Orc:2    | Found Impih's Book Boutique.
 16685 | Orc:2    | Reached XP level 16. HP: 76/152 MP: 15/20
 16692 | Orc:2    | Received a gift from Okawaru
 16736 | Orc:2    | Found Tuzxiacw's Magic Scroll Shoppe.
 16875 | Orc:2    | Found Feyphalie's Antique Weapon Shoppe.
 16876 | Orc:2    | Found Feb Reic's Antique Weapon Boutique.
 16889 | Orc:2    | Bought a scroll of identify for 34 gold pieces
 16889 | Orc:2    | Bought a scroll of identify for 34 gold pieces
 16889 | Orc:2    | Bought a scroll of identify for 34 gold pieces
 16889 | Orc:2    | Bought a scroll of enchant armour for 127 gold pieces
 17052 | Orc:2    | Bought a scroll of teleportation for 15 gold pieces
 17322 | D:13     | Found a gate to the Vaults.
 17471 | D:13     | Found Ysebbim's Superior Scales.
 17639 | D:13     | Found Nogesm's Antique Artefacts.
 17648 | D:13     | Bought a fine ruby amulet for 185 gold pieces
 17648 | D:13     | Identified the amulet "Nisir" {Faith -Tele Will+ Dex+3
                  | SInv} (You bought it in a shop on level 13 of the Dungeon)
 17722 | D:13     | Found a glowing silver altar of Zin.
 18728 | D:15     | Entered Level 15 of the Dungeon
 19300 | D:15     | Received a gift from Okawaru
 19307 | D:15     | Noticed Roxanne
 19636 | D:15     | Found a staircase to the Depths.
 19896 | D:15     | Killed Roxanne
 19991 | Depths:1 | Entered Level 1 of the Depths
 19998 | Depths:1 | Noticed a sphinx
 20005 | Depths:1 | Paralysed by a sphinx for 4 turns
 20032 | Depths:1 | HP: 4/157 [frost giant/+1 battleaxe of freezing (22)]
 20032 | Depths:1 | HP: 1/157 [frost giant/+1 battleaxe of freezing (3)]
 20068 | Depths:1 | Slain by a hell knight

Illustrated notes

Levels and vault maps discovered:
D:1:      minmay_arrival_up_and_down, layout_rooms,
          hellmonk_ecumenical_altar_arch_garden
D:2:      layout_loops_ring, basic_altar, uniq_terence
D:3:      layout_loops_ring, ebering_ghost_gozag, grunt_ministairs_12,
          hellmonk_no_cap, uniq_natasha
D:4:      layout_basic, nicolae_ashenzari_panopticon, lemuel_crystal_altar,
          nicolae_sif_muna_little_library
D:5:      layout_loops_ring, grunt_temple_overflow_open,
          minmay_temple_entry_junction, lemuel_flamethrower_2,
          uniq_prince_ribbit1
D:6:      cheibrodos_steamvent, layout_layer_cave, zin_treasury
D:7:      gammafunk_the_bubble [the_bubble_gammafunk_split], layout_loops_ring,
          worldfamousw_hep_ancestral_shrine
D:8:      layout_cave_pools, nzn_wu_jian_council_hall, tgw_fedhas, uniq_joseph
D:9:      layout_big_octagon, nemelex_altar_shiori, gammafunk_ghost_hydra_chop,
          solitary_fountain, minmay_hollow_rounded_squares
D:10:     layout_irregular_city, uniq_psyche
D:11:     layout_basic, dpeg_oklobed_lair, portal_ice_cave_entry_ice_simulacra,
          grunt_ministairs_2
D:12:     layout_roguey [special_room_orc], zombieorc2_lemuel,
          gauntlet_entry_generic
D:13:     wad_woods_stonehenge, layout_basic, erik_vaults_1,
          nicolae_antique_artefacts, hellmonk_scale_shop
D:14:     layout_small_grid, serial_park_tiny_2, serial_co_window_serial,
          co_window_paths_b, co_window_corner_a, co_window_paths_a,
          co_window_corner_a, co_window_paths_b, co_window_corner_a,
          co_window_corner_a, co_window_2corner, co_window_of_opportunity_b,
          co_window_corner_b, co_window_corner_cb, co_window_4corner_b,
          glass_columns_c, glass_columns_b, glass_columns_a, glass_columns_a
D:15:     hangedman_depths_entry_civil_slaughter, layout_stronghold,
          minivault_19, minmay_quadrilaterals, uniq_roxanne
Lair:1:   layout_long_grid, enter_volcano_2, grunt_megastairs_4,
          infiniplex_staircase_pool_2, serial_bayou_shore_a
Lair:2:   layout_roguey, minmay_shoals_entry_lonely_mermaid,
          guppyfry_snake_entry_island, hangedman_lair_generics_rect
Lair:3:   layout_loops_ring, pf_torpor_hydra, grunt_megastairs_1, uniq_sonja
Lair:4:   layout_long_grid, infiniplex_staircase_pool
Lair:5:   hellmonk_lair_end_abyssal_woods, layout_small_grid,
          nicolae_slime_entry_field_trip, minivault_25, minmay_stone_trees_small
Snake:1:  layout_cave_pods
Orc:1:    layout_caves, serial_shops, nicolae_orc_beogh_chapel, uniq_erolcha,
          uniq_nergalle, uniq_snorg, uniq_fannar
Orc:2:    st_orc_elflike, layout_caves, nicolae_shop_clearance, uniq_donald,
          uniq_azrael
Depths:1: layout_cave_pools, kennysheep_crisscross, hellmouth_1,
          grunt_ministairs_2, lemuel_statue_altar, chequers_decorated_corner,
          minivault_11, nicolae_danse_macabre

Skill      XL: |  1  2  3  4  5  6  7  8  9 10 11 12 13 14 15 16 |
---------------+-------------------------------------------------+-----
Fighting       | 4 5 6 8 9 11 13 15 16 17 | 17.7
Axes           | 3 4 6 7 8 |  8.2
Armour         | 4 5 6 7 8 9 10 11 12 13 14 | 14.8
Shields        | 4 5 6 7 9 10 11 12 | 12.0
Polearms       | 1 5 8 10 12 14 15 16 17 | 17.6
Dodging        | 1 |  1.5
Throwing       | 2 3 4 5 6 7 |  7.8
Invocations    | 2 3 4 5 6 7 |  7.2
Stealth        | 1 |  1.0
Evocations     | |  0.5

Action                     |  1- 3 |  4- 6 |  7- 9 | 10-12 | 13-15 | 16-18 || total
---------------------------+-------+-------+-------+-------+-------+-------++-------
  Melee: War axe           |   118 |   106 |    74 |       |       |       ||   298
         Trident           |       |       |   228 |   681 |  1466 |   551 ||  2926
  Throw: Dart              |       |       |    11 |    10 |    64 |     5 ||    90
         Throwing net      |       |       |     1 |       |       |       ||     1
         Boomerang         |       |       |       |    32 |    54 |       ||    86
         Javelin           |       |       |       |       |    25 |    27 ||    52
 Invoke: Heroism           |       |       |     1 |    16 |    21 |     7 ||    45
         Finesse           |       |       |       |     1 |     8 |     4 ||    13
  Evoke: Wand              |       |       |       |       |     2 |       ||     2
    Use: Scroll            |       |     8 |     7 |       |    12 |     6 ||    33
         Potion            |       |     1 |       |       |     3 |     6 ||    10
   Stab: Invisible         |       |       |       |       |     1 |       ||     1
 Armour: Scale mail        |    77 |    62 |       |       |       |       ||   139
         Chain mail        |       |    22 |     6 |       |       |       ||    28
         Plate armour      |       |       |   177 |   314 |       |       ||   491
         Crystal plate arm |       |       |       |     8 |  1028 |   456 ||  1492
  Dodge: Dodged            |    47 |    46 |   144 |   244 |   349 |   113 ||   943
  Block: Buckler           |    38 |    28 |    61 |   122 |   289 |   127 ||   665
